 Dungeon Crawl Stone Soup version 0.30-a0-718-geaa24f58ff (webtiles) character file.

Game seed: 8873389330964303097

88 ragingrage the Shooter (level 4, -1/36 HPs)
             Began as a Draconian Hunter on Jan 25, 2023.
             Killed by divine providence
             ... invoked by an orc priest
              (10 damage)
             ... on level 3 of the Dungeon.
             The game lasted 00:01:10 (1123 turns).

ragingrage the Shooter (Draconian Hunter)           Turns: 1123, Time: 00:01:10

Health: -1/36      AC:  5    Str: 13    XL:     4   Next: 29%
Magic:  4/4        EV: 17    Int: 10    God:
Gold:   72         SH:  0    Dex: 16    Spells: 3/3 levels left

rFire   . . .      SeeInvis +    a - +0 shortbow
rCold   . . .      Faith    .    (shield currently unavailable)
rNeg    . . .      Spirit   .    (body armour unavailable)
rPois   .          Reflect  .    (helmet restricted)
rElec   .          Harm     .    (no cloak)
rCorr   .          Rampage  .    (no gloves)
Will    .....                    (no boots)
Stlth   ++                       (no amulet)
HPRegen 0.26/turn                g - +5 ring of evasion
MPRegen 0.09/turn                l - ring of see invisible

@: no status effects
A: AC +5, unfitting armour, cold-blooded
a: no special abilities


You were on level 3 of the Dungeon.
You visited 1 branch of the dungeon, and saw 3 of its levels.

You collected 72 gold pieces.

Inventory:

Hand Weapons
 a - a +0 shortbow (weapon)
Missiles
 k - 6 poisoned darts
Jewellery
 g - a +5 ring of evasion (left hand)
 l - a ring of see invisible (right hand)
Wands
 q - a wand of polymorph (5)
Scrolls
 b - a scroll of immolation
 c - a scroll of amnesia {unknown}
 h - 2 scrolls of teleportation {unknown}
 n - a scroll of torment {unknown}
 o - a scroll of blinking {unknown}
Potions
 d - a potion of mutation {unknown}
 e - a potion of invisibility {unknown}
 f - a potion of heal wounds {unknown}
 i - a potion of attraction {unknown}
 j - a potion of might {unknown}
 m - 2 potions of flight {unknown}
 p - a potion of curing {unknown}


   Skills:
 - Level 2.1 Fighting
 + Level 5.3 Ranged Weapons
 - Level 1.7 Dodging
 - Level 0.8 Stealth


You had 3 spell levels left.
You didn't know any spells.
Your spell library contained the following spells:

 Spells                   Type           Power      Damage    Failure   Level
 Tukima's Dance           Hex            0%         N/A       75%         3
 Passage of Golubria      Tloc           0%         N/A       98%         4
 Yara's Violent Unravell  Hex/Tmut       0%         3d3       100%        5


Dungeon Overview and Level Annotations

Branches:
Dungeon (3/15)

Altars:


Innate Abilities, Weirdness & Mutations

Your plain brown scales are hard. (AC +5)
You cannot fit into any form of body armour.
You are cold-blooded and may be slowed by cold attacks.


Message History

The giant cockroach waves its antennae.
The giant cockroach misses you.
You shoot an arrow.
The arrow barely misses the giant cockroach.
The giant cockroach misses you.
You shoot an arrow. The arrow hits the giant cockroach!
You kill the giant cockroach!
p - a murky sapphire potion No target in view!
An orc comes into view. It is wielding a +2 dagger of draining.
You shoot an arrow. The arrow hits the orc!
You kill the orc!
q - a wand of polymorph (5) No target in view!
An orc comes into view. It is wielding a +0 antimagic dagger.
You shoot an arrow.
The arrow hits the orc but does no damage.
The orc shouts!
An orc is nearby!
You shoot an arrow.
The arrow hits the orc but does no damage.
An orc priest comes into view. It is wielding a +0 hand axe.
There are monsters nearby!
You shoot an arrow. The arrow barely misses the orc.
The orc priest shouts!
There are monsters nearby!
You shoot an arrow.
The arrow hits the orc but does no damage.
There are monsters nearby!
You shoot an arrow.
The arrow hits the orc but does no damage.
The orc priest calls down the wrath of Beogh upon you.
Beogh smites you!
The orc priest invokes the aid of Beogh against you.
Beogh smites you!
* * * LOW HITPOINT WARNING * * *
The orc attacks as you move away! The orc closely misses you.
The orc priest calls down the wrath of Beogh upon you.
Beogh smites you!
You die...

..... #.####....# ....# #.#
....# #...##..##.####..<.# .
#...# #............ ..
#...###(.##........ ..)
#.....#..##....##########
....#.....#...........<......
..........###....#####...####
.....o.....o@......#.........
.................#.#(#...##.#
#+######...............#.# #
######+##.....#.#..+
#.......#### #...#...#
#####...# #+#.. ...


You could see an orc priest and an orc.

Vanquished Creatures
  2 gnolls
  3 worms
  2 dart slugs
  An orc (D:3)
  6 endoplasms
  2 giant cockroaches
  5 goblins
  2 hobgoblins (D:1)
  7 kobolds
  3 quokkas (D:2)
  5 ball pythons
  6 bats
  4 frilled lizards
  2 rats
50 creatures vanquished.

Notes
Turn   | Place    | Note
-------+----------+-------------------------------------------
     0 | D:1      | ragingrage the Draconian Hunter began the quest for the
                  | Orb.
     0 | D:1      | Reached XP level 1. HP: 17/17 MP: 1/1
   138 | D:1      | Reached skill level 4 in Ranged Weapons
   145 | D:1      | Reached XP level 2. HP: 24/24 MP: 2/2
   547 | D:2      | Reached XP level 3. HP: 29/29 MP: 3/3
   905 | D:2      | Reached skill level 5 in Ranged Weapons
  1041 | D:3      | Reached XP level 4. HP: 36/36 MP: 4/4
  1123 | D:3      | Killed from afar by an orc priest

Illustrated notes

Levels and vault maps discovered:
D:1:      lightli_arrival_flooded_house, layout_rooms, nicolae_titane
D:2:      layout_rooms
D:3:      layout_basic, ebering_ecumenical_altar_box, gammafunk_ghost_icy,
          interstate_on_off

Skill      XL: |  1  2  3 |
---------------+----------+-----
Ranged Weapons | 4 5 |  5.3
Fighting       | |  2.1
Dodging        | |  1.7
Stealth        | |  0.8

Action                     |  1- 3 |  4- 6 || total
---------------------------+-------+-------++-------
   Fire: Shortbow          |   136 |    15 ||   151
 Armour: Skin              |    11 |       ||    11
  Dodge: Dodged            |    36 |     7 ||    43

Table legend: (Time is in decaauts)
 A = Elapsed time spent in this place.
 B = Non-inter-level travel time spent in this place.
 C = Inter-level travel time spent in this place.
 D = Time resting spent in this place.
 E = Time spent auto-exploring this place.
 F = Levels seen in this place.
 G = Mean time per level.
                   A        B        C        D        E       F      G
               +--------+--------+--------+--------+--------+-----+--------+
         Total |   1163 |   1075 |     88 |     28 |    770 |   3 |  387.7 |
       Dungeon |   1163 |   1075 |     88 |     28 |    770 |   3 |  387.7 |
               +--------+--------+--------+--------+--------+-----+--------+

Top non-repeatable levels by time:
     D:1: 559 daAuts
     D:2: 531 daAuts
     D:3: 72 daAuts
